 Dungeon Crawl Stone Soup version 0.21-a0-42-gb537e02 (webtiles) character file.

28 blackwizard the Ducker (level 2, -3/29 HPs)
             Began as a Troll Fighter on June 5, 2017.
             Slain by a gnoll
             ... wielding a +0 spear
              (4 damage)
             ... on level 2 of the Dungeon.
             The game lasted 00:03:34 (923 turns).

blackwizard the Ducker (Troll Fighter)               Turns: 923, Time: 00:03:35

Health: -3/29      AC:  5    Str: 23    XL:     2   Next: 96%
Magic:  1/1        EV:  8    Int:  4    God:
Gold:   50         SH:  8    Dex:  9    Spells: 1/1 levels left

rFire    . . .     SeeInvis .   a - +0 long sword
rCold    . . .     Gourm    +   c - +0 shield
rNeg     . . .     Faith    .   b - +0 robe
rPois    .         Spirit   .   (helmet restricted)
rElec    .         Reflect  .   (no cloak)
rCorr    .         Harm     .   (gloves unavailable)
MR       .....                  (boots unavailable)
Stlth    +.........             (no amulet)
Regen    0.5/turn               (no ring)
MPRegen  0.1/turn               (no ring)

@: no status effects
A: unfitting armour, claws 3, fast metabolism 3, gourmand, regeneration 1,
shaggy fur 1, tough skin 2
a: no special abilities


You were on level 2 of the Dungeon.
You were hungry.

You visited 1 branch of the dungeon, and saw 2 of its levels.

You collected 50 gold pieces.

Inventory:

Hand Weapons
 a - a +0 long sword (weapon)
Missiles
 g - 15 sling bullets
 i - 39 arrows
 j - 24 stones (quivered)
 o - 15 poisoned needles
Armour
 b - a +0 robe (worn)
 c - a +0 shield (worn)
Wands
 v - a wand of polymorph (8/24)
Scrolls
 e - a scroll of immolation {unknown}
 k - 2 scrolls of amnesia {unknown}
 m - a scroll of noise {unknown}
 n - a scroll of identify {unknown}
 t - a scroll of enchant weapon {unknown}
Potions
 d - a potion of might
 r - a potion of curing {unknown}
 s - a potion of haste {unknown}
 u - a potion of berserk rage {unknown}
Comestibles
 f - 2 bread rations
 h - 2 meat rations
 l - a royal jelly
 p - 5 chunks of flesh
 q - 2 fruits


   Skills:
 + Level 2.7 Fighting
 + Level 1.8 Long Blades
 + Level 2.7 Dodging
 + Level 2.7 Shields


You had one spell level left.
You didn't know any spells.

Dungeon Overview and Level Annotations

Branches:
Dungeon (2/15)

Altars:


Innate Abilities, Weirdness & Mutations

You are too large for most types of armour.
You have claws for hands.
Your metabolism is lightning-fast.
You like to eat raw meat.
Your natural rate of healing is unusually fast.
You are covered in fur. (AC +1)
You have very tough skin. (AC +2)


Message History

The gnoll is almost dead.
The gnoll hits you with a whip. The gnoll closely misses you.
The gnoll misses you.
You closely miss the gnoll.
The gnoll is almost dead.
The gnoll closely misses you. You block the gnoll's attack.
The gnoll hits you from afar with a spear.
The gnoll hits you with a whip!
You barely miss the gnoll.
The gnoll is almost dead.
You are feeling hungry.
The gnoll barely misses you.
The gnoll hits you from afar with a spear.
You block the gnoll's attack. The gnoll barely misses you.
You block the gnoll's attack. You block the goblin's attack.
You block the gnoll's attack.
The gnoll hits you from afar with a spear!
* * * LOW HITPOINT WARNING * * *
The gnoll hits you from afar with a spear.
You die...

....... .. ....... ##
....... #..? ##### .......
####..# #.... ......g
###.....####.### #......
###....###.##.).#..
#.....##...##.......รท##>.#
#....gg.###.###.#.....##
#....gg@##..........###
#........)...)......#
#.......##..........####
#.......##..........##..
##########..........##..
#..........##..
#..........##..
###############


You could see 3 gnolls and a goblin.

Vanquished Creatures
  A worm (D:2)
  A leopard gecko (D:2)
  2 bats
  4 goblins
  A hobgoblin (D:2)
  6 jackals (D:1)
  4 kobolds (D:1)
  2 frilled lizards
21 creatures vanquished.

Notes
Turn   | Place    | Note
-------+----------+-------------------------------------------
     0 | D:1      | blackwizard the Troll Fighter began the quest for the Orb.
     0 | D:1      | Reached XP level 1. HP: 22/22 MP: 0/0
    64 | D:1      | Reached XP level 2. HP: 16/29 MP: 1/1
   923 | D:2      | HP: 1/29 [gnoll/spear (10)]
   923 | D:2      | Slain by a gnoll

Vault maps used:
D:1:      lightli_arrival_chessboard, eino_curves_01

Action                   || total
-------------------------++-------
Melee: Long sword        ||    71
  Eat: Bread ration      ||     1
       Chunk             ||     1
Armor: Robe              ||    51
Dodge: Dodged            ||    53
Block: Shield            ||    62
       Rpst.: Long sword ||    15
